[Event "*** SCC Grand Prix: Titled Tuesday Blitz"]
[Site "Chess.com"]
[Date "2020.08.25"]
[Round "6"]
[White "mishanick"]
[Black "K_A_S_T_O_R"]
[Result "1/2-1/2"]
[WhiteElo "2959"]
[BlackElo "2724"]
[TimeControl "180+1"]
[EndTime "11:09:58 PDT"]
[Termination "Game drawn - insufficient material"]

1. d4 d5 2. c4 c6 3. Nf3 Nf6 4. Nc3 e6 5. Bg5 dxc4 6. e4 b5 7. e5 h6 8. Bh4 g5 9. Nxg5 hxg5 10. Bxg5 Nbd7 11. exf6 Bb7 12. g3 c5 13. d5 Nxf6 14. Bg2 Be7 15. O-O Nxd5 16. Bxe7 Kxe7 17. Nxb5 Qb6 18. Na3 Rh4 19. Rc1 Qa6 20. Qe2 Rg8 21. Nxc4 Nf4 22. Qe5 Nxg2 23. Qxc5+ Kf6 24. Qe5+ Kg6 25.
gxh4 Nxh4 26. f3 Nxf3+ 27. Rxf3 Bxf3 28. Kf2 Kh7 29. Kxf3 f5 30. Ne3 Qb7+ 31. Kf2 Qb6 32. Rc7+ Kg6 33. Qg3+ Kf6 34. Qh4+ Ke5 35. Rc4 Qxb2+ 36.
Rc2 Qd4 37. Qxd4+ Kxd4 38. Rc4+ Kd3 39. Rc5 f4 40. Ng2 Kd4 41. Ra5 e5 42. Rxa7 Ke4 43.
h4 Rd8 44. Ra4+ Kf5 45. Ke2 e4 46. Ne1 Rb8 47. Kd2 Rb2+ 48. Kc3 Re2 49. Nc2 f3 50.
Ra8 Kf4 51. Rf8+ Kg3 52. Nd4 Re1 53. Kd2 Rb1 54. a4 Rb4 55. Nf5+ Kf2 56. a5 Ra4 57. Ra8 Ra2+ 58. Kc3 e3 59. Nxe3 Kxe3 60. Kb3 Ra1 61. Re8+ Kd2 62. Kb4 Rb1+ 63. Kc5 f2 64. Rd8+ Kc3 65.
Rf8 f1=Q 66. Rxf1 Rxf1 67. a6 Rf5+ 68. Kb6 Rf6+ 69. Kb5 Kd4 70. a7 Rf8 71. Kc6 Ke5 72. h5 Kf6 73. h6 Kg6 74. Kb7 Kxh6 75. a8=Q Rxa8 76. Kxa8 1/2-1/2

[Event "*** SCC Grand Prix: Titled Tuesday Blitz"]
[Site "Chess.com"]
[Date "2020.08.25"]
[Round "6"]
[White "chesstatour"]
[Black "Duong57"]
[Result "1/2-1/2"]
[WhiteElo "1923"]
[BlackElo "2352"]
[TimeControl "180+1"]
[EndTime "11:10:02 PDT"]
[Termination "Game drawn by repetition"]

1. c4 e5 2. Nc3 Nf6 3. Nf3 Nc6 4. d4 exd4 5. Nxd4 Bb4 6. g3 O-O 7. Bg2 Bc5 8. Nb3 Bb4 9. O-O d6 10. Nd5 Nxd5 11. cxd5 Na5 12. Nd4 Bc5 13. Nc2 Bb6 14. Qd3 Qf6 15. b4 Re8 16. bxa5 Bxa5 17. e4 Bb6 18.
Be3 Bd7 19. Bd4 Qg6 20. Kh1 f5 21. f3 Rf8 22. Bxb6 axb6 23. Nd4 fxe4 24. fxe4 Rxf1+ 25. Bxf1 Qf6 26. Bg2 Ra4 27. Nc2 Ra5 28. a3 Bb5 29.
Qd2 Qe5 30. Re1 Ra4 31. Qf4 Rc4 32. Qxe5 dxe5 33. Ne3 Rc3 34. Nf5 Rxa3 35. Rc1 c6 36. dxc6 bxc6 37. h3 g6 38. Ne7+ Kf7 39. Nxc6 Ke6 40.
Nd8+ Ke7 41. Nc6+ Ke6 42. Nb4 Rb3 43. Nd5 Rb2 44. Kh2 Bd3 45. Re1 Rc2 46. Ne3 Rb2 47. Ng4 b5 48. Rg1 Bxe4 49. h4 Bd5 50.
Kh3 Bxg2+ 51. Rxg2 Rb4 52. Re2 Rd4 53. Nf2 Kd6 54.
Rb2 b4 55. Ng4 Ke6 56. Nf2 Kf5 57. Kg2 e4 58. Nh3 e3 59. Kf3 Rc4 60. Kxe3 Kg4 61.
Nf2+ Kxg3 62. Nd3 Kxh4 63. Rxb4 Rxb4 64. Nxb4 g5 65. Nd3 g4 66. Kf2 h5 67. Nf4 Kg5 68.
Ne6+ Kf5 69. Nd4+ Ke4 70. Ne2 h4 71. Kg2 Ke3 72. Ng1 Kf4 73. Ne2+ Ke3 74. Ng1 Ke4 75. Ne2 Ke3 1/2-1/2

[Event "*** SCC Grand Prix: Titled Tuesday Blitz"]
[Site "Chess.com"]
[Date "2020.08.25"]
[Round "6"]
[White "BocharovD"]
[Black "Alexander_Zubov"]
[Result "0-1"]
[WhiteElo "2721"]
[BlackElo "2959"]
[TimeControl "180+1"]
[EndTime "11:10:06 PDT"]
[Termination "Alexander_Zubov won by resignation"]

1. c4 c5 2. Nf3 g6 3. d4 cxd4 4. Nxd4 Nf6 5. Nc3 d5 6. cxd5 Nxd5 7. Ndb5 Nxc3 8. Qxd8+ Kxd8 9. Nxc3 Bg7 10. g3 Bxc3+ 11. bxc3 Bd7 12. f3 Na6 13. e4 Nc5 14. Be3 Rc8 15. Rb1 b6 16. Bc4 Ke8 17. Bd5 Be6 18.
Bxe6 Nxe6 19. Kd2 Rc4 20. Rb4 Rc6 21. a4 f6 22. Ra1 Kf7 23. a5 Rd8+ 24. Kc2 Rdc8 25.
Ra3 bxa5 26. Rba4 a6 27. Rxa5 Nc7 28. Rb3 Nb5 29. Kd3 Rxc3+ 30. Rxc3 Rxc3+ 31. Kd2 Rc6 32. h4 Nd6 33. Kd3 Nc4 34. Ra2 Nxe3 35. Kxe3 Ke6 36. Ra5 Kd7 37. g4 Kc7 38. g5 Kb6 39. Ra1 a5 40.
gxf6 Rxf6 41. f4 Rc6 42. h5 Kb5 43. hxg6 hxg6 44. Rb1+ Ka6 45. Ra1 Rb6 46. Kd4 Kb5 47. Rb1+ Kc6 48. Rg1 Kd7 49. Ra1 Ra6 50. Kc5 Rf6 51.
Rxa5 Rxf4 52. Kd4 Ke6 53. Ke3 Rf1 54. Ra6+ Kf7 55. Ra5 Rf6 56. Ra8 Rf1 57. Ra5 Kg7 58. Ke2 Rf7 59. Ke3 Kh6 60. Ra6 Kh5 61. Ra2 g5 62.
Rh2+ Kg6 63. Rg2 Rf4 64. Rg1 Kf6 65. Ra1 e6 66. Rg1 Rh4 67. Ra1 Rh3+ 68. Kf2 Ke5 69. Ra5+ Kf4 70. Ra6 e5 71. Rg6 g4 72. Kg2 Ra3 73. Rg7 Ra2+ 74. Kg1 Kg3 0-1

[Event "*** SCC Grand Prix: Titled Tuesday Blitz"]
[Site "Chess.com"]
[Date "2020.08.25"]
[Round "6"]
[White "tigra"]
[Black "cassoulet"]
[Result "0-1"]
[WhiteElo "2883"]
[BlackElo "2720"]
[TimeControl "180+1"]
[EndTime "11:10:07 PDT"]
[Termination "cassoulet won by resignation"]

1. e4 c5 2. Nf3 Nc6 3. Nc3 g6 4. d4 cxd4 5. Nxd4 Bg7 6. Be3 d6 7. f3 Nf6 8. Qd2 O-O 9. Bc4 Nxd4 10. Bxd4 Be6 11. Bb3 Qa5 12. O-O-O Rfc8 13. g4 Bxb3 14.
axb3 Qa1+ 15. Nb1 Rc6 16. h4 Rac8 17. Rh2 Nd7 18. Qe3 Ne5 19. Bc3 h6 20. Rd5 Qa6 21. Rf2 b6 22. g5 h5 23. f4 Ng4 24. Qe2 Qb7 25. Rf3 a6 26. Rfd3 b5 27. b4 Rc4 28.
Qe1 Qc6 29. Kd1 Rxb4 30. b3 Rxe4 31. Qd2 b4 32. Bxg7 Kxg7 33. Kc1 a5 34. Kb2 a4 35.
bxa4 Qxa4 36. R3d4 Re3 37. Rxb4 Rxc2+ 38. Qxc2 Qxb4+ 39.
Ka2 e6 40. Rd1 Qxf4 41. Qb2+ Ne5 42. Na3 Qa4 43. Rd4 Rxa3+ 44. Kb1 Qa5 45. Rxd6 Qe1+ 46. Kc2 Qe2+ 47. Rd2 Qc4+ 48. Kb1 Qf1+ 49. Kc2 Re3 50.
Qd4 Qc4+ 51. Kd1 Qxd4 52. Rxd4 Ng4 53. Kd2 Rh3 54. Ke2 Rxh4 55. Re4 Rh2+ 56. Kf3 Rf2+ 57. Kg3 Rf5 58. Kh4 Re5 59. Rf4 Rf5 60. Rb4 e5 61. Rc4 Ne3 62. Rc5 Rf4+ 63. Kh3 Re4 64. Rb5 Nf5 65. Ra5 Re3+ 66. Kh2 e4 67. Re5 h4 68. Kg2 h3+ 69. Kh2 Nh4 70. Re7 Nf3+ 71. Kxh3 Nxg5+ 72. Kg4 Kh6 73. Re8 f5+ 74. Kf4 Rf3+ 75. Ke5 e3 76. Kf6 Ne4+ 77. Kf7 Nd6+ 0-1

[Event "*** SCC Grand Prix: Titled Tuesday Blitz"]
[Site "Chess.com"]
[Date "2020.08.25"]
[Round "6"]
[White "chito89"]
[Black "Flawless_Fighter"]
[Result "1-0"]
[WhiteElo "2787"]
[BlackElo "2574"]
[TimeControl "180+1"]
[EndTime "11:10:08 PDT"]
[Termination "chito89 won on time"]

1. Nf3 Nf6 2. c4 g6 3. Nc3 Bg7 4. d4 d6 5. Bg5 O-O 6. e3 b6 7. Be2 Bb7 8. d5 h6 9. Bh4 Nbd7 10. O-O g5 11. Bg3 Nh5 12. Nd4 Nxg3 13. hxg3 Nf6 14. g4 Qd7 15. Bf3 Rae8 16. Ncb5 a6 17. Na7 h5 18. gxh5 g4 19. Be2 e5 20. dxe6 fxe6 21. Bxg4 c5 22. Ndb5 axb5 23. Nxb5 d5 24. Bf3 Kh8 25.
a4 Nh7 26. a5 Ng5 27. Bg4 bxa5 28. Rxa5 Qc6 29. f3 Rg8 30. Ra7 d4 31. e4 d3 32.
Qxd3 Rd8 33. Qe3 Bh6 34. Qc3+ Bg7 35. Qe3 Bh6 36. Qc3+ Rg7 37. Qf6 Nf7 38. Qxe6 Qxe6 39. Bxe6 Ne5 40. Bd5 Be3+ 41. Kh2 Bxd5 42. Rxg7 Kxg7 43.
cxd5 Rb8 44. Nd6 Bf4+ 45. g3 Rxb2+ 46. Kh3 Bd2 47. f4 Nd3 48. Nf5+ Kf6 49. d6 c4 50.
Ra1 Bb4 51. Ra6 Nf2+ 52. Kh4 Kf7 53. d7 Be7+ 54. Nxe7 Kxe7 55. h6 Rd2 56. Ra7 Nxe4 57. h7 Rh2+ 58. Kg4 Rxh7 59. Kf5 Kd8 60. Ra8+ Ke7 61.
Ra7 Kd8 62. Ra8+ Kxd7 63. Ra7+ Kc6 64. Rxh7 c3 65. Kxe4 c2 66. Rh1 c1=Q 67. Rxc1+ 1-0

[Event "*** SCC Grand Prix: Titled Tuesday Blitz"]
[Site "Chess.com"]
[Date "2020.08.25"]
[Round "6"]
[White "The_Machine04"]
[Black "1f3_2g41-0"]
[Result "0-1"]
[WhiteElo "2282"]
[BlackElo "2443"]
[TimeControl "180+1"]
[EndTime "11:10:10 PDT"]
[Termination "1f3_2g41-0 won by checkmate"]

1. d4 Nf6 2. Bg5 g6 3. Bxf6 exf6 4. g3 Bg7 5. Bg2 d5 6. e3 O-O 7. Ne2 Bg4 8. b3 Bxe2 9. Qxe2 c5 10. c3 f5 11. O-O Nc6 12. dxc5 Re8 13. Qd3 Nb4 14. cxb4 Bxa1 15. Qxd5 Qxd5 16. Bxd5 Re7 17. Rd1 Kg7 18. Bf3 Rc8 19. Na3 Bc3 20. Nc2 a5 21. a3 axb4 22. axb4 Ra8 23. b5 Ra5 24. c6 Rxb5 25. cxb7 Rxb3 26.
Rd8 Be5 27. Nd4 Rb1+ 28. Kg2 Rexb7 29. Bxb7 Rxb7 30. Nf3 Bf6 31. h4 h5 32. Rd5 Rb2 33.
Rd2 Rb5 34. Rc2 Ra5 35. Kf1 Ra1+ 36. Ke2 Rh1 37. Rc7 Rb1 38. Rd7 Rb2+ 39. Rd2 Rb3 40.
Kf1 Bc3 41. Rd7 Rb1+ 42. Kg2 Bf6 43. Rd2 Rc1 44. Rd7 Rc6 45. Rb7 Re6 46. Kf1 Rd6 47. Ke2 Rc6 48. Ra7 Kf8 49. Ra2 Ke7 50. Rd2 Bc3 51.
Rc2 Rc7 52. Kd3 Ba5 53. Rxc7+ Bxc7 54. Kc4 f6 55. Kd5 Ba5 56. e4 fxe4 57. Kxe4 Kd6 58. Nd4 Be1 59. Kf3 Ke5 60. Ne2 Bd2 61. Ng1 g5 62. hxg5 fxg5 63. Ne2 Ba5 64. Ng1 Kf5 65. Kg2 Bb6 66. Nh3 Bc5 67. Ng1 Kg4 68. Ne2 Kf5 69. Nc3 Bd4 70. Na4 Ke4 71. f3+ Ke3 72.
f4 g4 73. Kh2 Ke4 74. Kg2 Kd5 75. Kf1 Kc4 76. Ke2 Kb4 77. Kd3 Bf2 78. f5 Kxa4 79. f6 Bxg3 80. f7 Bd6 81. Ke4 Bf8 82. Kf5 g3 83. Kg6 g2 84. Kxh5 g1=Q 85. Kh4 Be7+ 86. Kh5 Qg5# 0-1

[Event "*** SCC Grand Prix: Titled Tuesday Blitz"]
[Site "Chess.com"]
[Date "2020.08.25"]
[Round "6"]
[White "anon569"]
[Black "MrrRefrao"]
[Result "0-1"]
[WhiteElo "2304"]
[BlackElo "2208"]
[TimeControl "180+1"]
[EndTime "11:10:13 PDT"]
[Termination "MrrRefrao won by resignation"]

1. e4 c5 2. Nf3 d6 3. d4 cxd4 4.
Nxd4 Nf6 5. Nc3 a6 6. Bg5 e6 7.
f4 h6 8. Bh4 Qb6 9. a3 Be7 10.
Bf2 Qc7 11. Qf3 Nbd7 12. O-O-O Rb8 13. g4 b5 14. h4 b4 15. axb4 Rxb4 16. g5 hxg5 17.
hxg5 Rxh1 18. Qxh1 Ng4 19. Bg1 Qa5 20. g6 fxg6 21. Nxe6 Kf7 22. Nd4 Qa1+ 23. Kd2 Qxb2 24. Qf3 Ndf6 25. Bh3 Nh6 26. Rb1 Qa3 27. Rxb4 Qxb4 28.
Bxc8 Qc5 29. Be6+ Ke8 30. Bd5 Qa5 31. Bf2 Qa1 32. Nb3 Nhg4 33. Bd4 Qh1 34. Qe2 Qh2 35. Nd1 Qxe2+ 36. Kxe2 Nxd5 37. exd5 Bf6 38. Nf2 Bxd4 39. Nxd4 Nf6 40. c4 Nd7 41. Nc6 Nc5 42. Kd2 Kd7 43. Kc3 Ke8 44. Nd3 Nd7 45. Ndb4 Kf7 46. Nd3 Kf6 47. Kd4 g5 48. Nd8 Kf5 49. Ne6 g4 50. Nf2 g3 51. Nh3 g2 52. Ng1 Kg4 53. Ke3 Kg3 54. Ng5 g6 55. Ne4+ Kh2 56.
Kf2 a5 57. Nf3+ Kh3 58. Neg5+ Kg4 59. Kxg2 Kxf4 60. Nd4 Ke3 61. Nb5 Kd3 62. Nxd6 a4 63.
Nb5 Kxc4 64. Na3+ Kxd5 65. Kf3 Nb6 66. Kf4 Nc4 67. Nxc4 Kxc4 68. Ne4 a3 69. Nd2+ Kd3 70. Nb3 a2 71. Na1 Kc3 72. Kg5 Kb2 0-1

[Event "*** SCC Grand Prix: Titled Tuesday Blitz"]
[Site "Chess.com"]
[Date "2020.08.25"]
[Round "6"]
[White "catzapto"]
[Black "MikeSailer"]
[Result "1/2-1/2"]
[WhiteElo "2048"]
[BlackElo "2167"]
[TimeControl "180+1"]
[EndTime "11:10:14 PDT"]
[Termination "Game drawn by repetition"]

1. e4 d5 2. exd5 Qxd5 3. Nf3 Bg4 4. Be2 Nc6 5. Nc3 Qf5 6. h3 Bxf3 7. Bxf3 Nf6 8. d3 e6 9. Ne4 Nd4 10. Nxf6+ Qxf6 11.
Bxb7 Rb8 12. Be4 Bd6 13. c3 Nf5 14. Bc6+ Ke7 15. d4 Rhd8 16. Qf3 Kf8 17. g4 Nh4 18. Qxf6 gxf6 19. Bh6+ Ke7 20. O-O-O Ng6 21. Be4 Nf4 22.
Kc2 Rb6 23. Bxh7 Rh8 24. Bxf4 Bxf4 25. Be4 Rhb8 26. b3 a5 27. h4 a4 28. Rb1 axb3+ 29.
Rxb3 Rxb3 30. axb3 Ra8 31. Kb2 Rg8 32. f3 Kd6 33. h5 Bh6 34. Ra1 Rg5 35. Ra6+ Kd7 36. Bc6+ Ke7 37. Ra8 f5 38. gxf5 Rxh5 39. fxe6 fxe6 40.
c4 Kd6 41. Be4 Rh2+ 42. Ka3 Be3 43. Ra6+ Kd7 44. Bc6+ Ke7 45. d5 exd5 46. Bxd5 Bc5+ 47. Ka4 Ra2+ 48. Kb5 Rxa6 49. Kxa6 Bb4 50. Kb5 c5 51. Kc6 Kf6 52. Be4 Ke5 53. Kd7 Kf4 54. Ke6 Ba3 55. Kd5 Bb4 56. Kd6 Ba3 57. Kc6 Bb4 58. Kb5 Ke5 59. Ka4 Kf4 60. Bd5 Ke5 61. Kb5 Kf4 62. Kc6 Ba3 63. Kd7 Bb4 64. Ke6 Ba3 65. Kf6 Bb4 66.
Kg6 Ba3 67. Be4 Bb4 68. Kh5 Ba3 69. Kh4 Bb4 70. Kh3 Ba3 71. Kg2 Bb4 72. Kf2 Ba3 73. Ke2 Bb4 74. Kd3 Ba3 75. Kc3 Bb4+ 76. Kb2 Ke5 77. Bc2 Kf4 78. Bd1 Ke5 79. Kc2 Kf4 80. Kd3 Ba3 81. Kc3 Bb4+ 82. Kb2 Ke5 83.
Be2 Kf4 84. Bd1 1/2-1/2

[Event "*** SCC Grand Prix: Titled Tuesday Blitz"]
[Site "Chess.com"]
[Date "2020.08.25"]
[Round "6"]
[White "Djager97"]
[Black "GodDMuhammad"]
[Result "1-0"]
[WhiteElo "2444"]
[BlackElo "2283"]
[TimeControl "180+1"]
[EndTime "11:10:15 PDT"]
[Termination "Djager97 won by checkmate"]

1. e4 e5 2. Nf3 f5 3. Nxe5 Qf6 4.
Nc4 fxe4 5. Nc3 Qg6 6. d3 Bb4 7. a3 Bxc3+ 8. bxc3 d5 9. Ne3 Nf6 10. Be2 O-O 11. O-O c6 12. Bb2 Be6 13. c4 Nbd7 14.
cxd5 cxd5 15. dxe4 dxe4 16. Qd6 Rae8 17. Rad1 b6 18.
Bb5 Rf7 19. Qc7 Ree7 20. Qxa7 Nf8 21. Qxb6 Rb7 22. Qa5 Nh5 23. a4 Nf4 24. Be5 Nh3+ 25. Kh1 Nxf2+ 26. Rxf2 Rxf2 27. Bg3 Rff7 28. Qd8 Qf6 29.
Qxf6 Rxf6 30. c4 h6 31. a5 Bf7 32. a6 Ra7 33. Bb8 Raxa6 34. Bxa6 Rxa6 35. h3 Rc6 36. Rd8 Bxc4 37. Bd6 Be6 38. Bxf8 Kh7 39. Bd6 Rc1+ 40. Kh2 Re1 41. Bc5 Kg6 42. Rd6 Kf7 43. Rb6 Bd7 44.
Rb7 Ke6 45. Bd4 g5 46. Ng4 Bc6 47. Rb6 Kd5 48. Bg7 h5 49. Nf6+ Kc5 50. Rb2 e3 51. Nxh5 Be4 52. Bc3 Kd5 53. Ng3 Bd3 54. Rb3 Kc4 55. Bb2 Rb1 56. Bf6 Rxb3 57. Bxg5 Rb2 58. h4 Be4 59. Nxe4 Kd3 60. Ng3 e2 61. Nxe2 Rxe2 62. Kh3 Re3+ 63. g3 Re1 64. Kg4 Kd4 65.
h5 Ke5 66. Bf4+ Kf6 67. Kf3 Kf5 68. g4+ Kf6 69. Be3 Rf1+ 70. Ke4 Ra1 71. g5+ Ke6 72. h6 Ra4+ 73. Bd4 Kf7 74. Ke5 Kg6 75. Be3 Ra5+ 76.
Kf4 Ra7 77. Bxa7 Kh7 78. Kf5 Kg8 79. Kg6 Kh8 80. Bd4+ Kg8 81. h7+ Kf8 82. h8=Q+ Ke7 83. Qf6+ Kd7 84. Kf5 Ke8 85. Qg7 Kd8 86. Ke6 Ke8 87.
Qg8# 1-0

[Event "*** SCC Grand Prix: Titled Tuesday Blitz"]
[Site "Chess.com"]
[Date "2020.08.25"]
[Round "6"]
[White "londonkid"]
[Black "KatarinaOstojic"]
[Result "1-0"]
[WhiteElo "2454"]
[BlackElo "2305"]
[TimeControl "180+1"]
[EndTime "11:10:18 PDT"]
[Termination "londonkid won on time"]

1. d4 d5 2. c4 dxc4 3. e3 Nf6 4. Bxc4 e6 5. Nf3 c5 6. O-O a6 7. b3 b5 8. Bd3 Bb7 9. Bb2 Nbd7 10. Nbd2 Be7 11. a4 b4 12. Qe2 O-O 13. Rfd1 cxd4 14. Bxd4 Nd5 15. Rac1 N7f6 16. h3 Rc8 17. Bxa6 Bxa6 18.
Qxa6 Nc3 19. Bxc3 bxc3 20. Nc4 Nd5 21. e4 Ra8 22. Qb5 Rb8 23. Qa5 Qxa5 24. Nxa5 Nf4 25. Kh1 Rfc8 26. Nd4 Ba3 27. Rc2 Rc5 28. Nb5 Bb4 29.
Nc4 Ng6 30. Nxc3 Ne5 31. Nb5 f6 32. Rdc1 Nd3 33. Rd1 Ne5 34. f4 Ng6 35. f5 exf5 36.
exf5 Rxf5 37. Ncd6 Re5 38. Nc4 Rf5 39. Nd4 Rf4 40.
Nc6 Rb6 41. Nxb4 Rxb4 42. Rd8+ Kf7 43. Re2 Nf8 44. Nd6+ Kg6 45. Rxf8 Rxb3 46. a5 Ra3 47. Ra8 Ra1+ 48. Kh2 Rff1 49. Re3 h5 50. h4 Rh1+ 51. Kg3 Rhb1 52. a6 Rb4 53. Re4 Rb3+ 54. Kh2 Rba3 55. a7 Rxa7 56. Rxa7 Rxa7 57. Nc4 Ra4 58.
Nd6 Ra6 59. Re6 Kh7 60. Kg3 Rb6 61. Kf4 Rb4+ 62. Ke3 Rxh4 63. Re7 Rg4 64. Ne8 Rxg2 65. Kf3 Rg5 66. Nxf6+ Kg6 67. Ne4 Rf5+ 68. Kg3 Kh6 69.
Re6+ g6 70. Re7 Rd5 71. Nf6 Rd3+ 72. Kf2 Rd2+ 73. Ke1 Rd6 74. Rh7+ Kg5 75. Ne4+ Kf4 76. Nxd6 Kg4 77. Rf7 g5 78. Rg7 h4 79. Nf7 1-0

[Event "*** SCC Grand Prix: Titled Tuesday Blitz"]
[Site "Chess.com"]
[Date "2020.08.25"]
[Round "6"]
[White "TomasKapitanchuk"]
[Black "Nf3c5"]
[Result "0-1"]
[WhiteElo "2395"]
[BlackElo "2559"]
[TimeControl "180+1"]
[EndTime "11:10:26 PDT"]
[Termination "Nf3c5 won by checkmate"]

1. e4 c5 2. Nf3 d6 3. Bb5+ Nd7 4. O-O a6 5. Bd3 Ngf6 6. c3 b5 7. Bc2 Bb7 8. d4 cxd4 9. cxd4 Nb6 10. Re1 g6 11. b3 Bg7 12. Bb2 O-O 13. Nbd2 Rc8 14. Rc1 Nfd7 15. Qe2 e5 16. Bb1 Qe7 17. d5 Bh6 18.
Bd3 Nc5 19. Bc2 b4 20. Bd3 a5 21. Bb5 Nbd7 22. Rcd1 Nf6 23. h3 Kh8 24. Nc4 Nfxe4 25. Nxd6 Bg7 26. Nxc8 Rxc8 27. d6 Nxd6 28. Bxe5 Bxe5 29.
Qxe5+ Qxe5 30. Nxe5 Nxb5 31. Nc4 Nc3 32. Rd4 a4 33. Nd6 Rb8 34. Nxf7+ Kg7 35. Ng5 Ba6 36. Ne6+ Nxe6 37. Rxe6 Ne2+ 38. Rxe2 Bxe2 39. bxa4 Ba6 40. f3 Rb6 41. Kf2 Kf6 42. Ke3 Ke5 43. f4+ Ke6 44. a5 Rb5 45. g4 Rxa5 46. Rxb4 Ra3+ 47. Ke4 Bd3+ 48. Kd4 Bf1 49. Rb6+ Kf7 50. Ke5 Ra5+ 51. Ke4 Bg2+ 52. Kd4 Rxa2 53. h4 Bh3 54. Rb7+ Ke6 55. Rb6+ Kd7 56. Rb7+ Kc6 57. Rxh7 Bxg4 58. Ke5 Ra5+ 59.
Kf6 Bh5 60. Re7 Rf5+ 61. Kg7 Rxf4 62. Kh6 Rxh4 63. Kg5 Rd4 64. Re6+ Rd6 65. Re1 Kd5 66.
Rg1 Re6 67. Ra1 Re5+ 68. Kf4 g5+ 69. Kg3 Ke6 70. Kg2 Kf5 71. Rf1+ Kg4 72. Ra1 Bg6 73. Ra4+ Be4+ 74. Kf2 Kf4 75. Ra7 Rb5 76. Rf7+ Bf5 77. Rc7 Rb2+ 78. Kg1 g4 79. Rc4+ Be4 80. Rc3 g3 81.
Rc8 Rb1+ 82. Rc1 Rxc1# 0-1

[Event "*** SCC Grand Prix: Titled Tuesday Blitz"]
[Site "Chess.com"]
[Date "2020.08.25"]
[Round "6"]
[White "maxip32"]
[Black "remi04"]
[Result "0-1"]
[WhiteElo "2425"]
[BlackElo "2598"]
[TimeControl "180+1"]
[EndTime "11:10:28 PDT"]
[Termination "remi04 won on time"]

1. e4 c5 2. Nf3 d6 3. d4 cxd4 4. Nxd4 Nf6 5. Nc3 a6 6. Be2 e5 7.
Nb3 Be6 8. f4 exf4 9. Bxf4 Nc6 10.
Qd2 Ne5 11. O-O-O Be7 12. h3 Rc8 13. g4 h6 14. Kb1 b5 15. a3 Qc7 16. Nd4 Qb7 17.
Nxe6 fxe6 18. Qe3 b4 19. axb4 Qxb4 20. Qd4 Qa5 21. Bd2 Nc6 22. Qc4 Qe5 23. Rhf1 d5 24.
exd5 exd5 25. Qf4 d4 26. Qxe5 Nxe5 27. Na4 O-O 28. Rf5 Nfd7 29. Nb6 Nxb6 30. Rxe5 Bf6 31. Ra5 Rc7 32. Rxa6 Nd5 33. Rd6 Ne7 34. Bd3 Rb8 35. b3 Ra7 36. Bc4+ Kh7 37. Bc1 Rba8 38. Bb2 Nc8 39. Bxd4 Nxd6 40. Bxa7 Rxa7 41. c3 Nxc4 42. bxc4 Bxc3 43. Kc2 Bf6 44. Kb3 Rb7+ 45. Ka4 Be7 46.
Rd4 Rb4+ 47. Ka5 Bc5 48. Re4 Rb3 49. Re5 Bb4+ 50. Ka4 Rb1 51. h4 Bc3 52. Re3 Rb4+ 53. Ka3 Rxc4 54. Kb3 Rxg4 55. Kxc3 Rxh4 56. Kd3 Rg4 57. Ke2 h5 58. Kf3 Kh6 59. Re6+ g6 60.
Rd6 Ra4 61. Kg3 Ra5 62. Kh4 Ra4+ 63. Kh3 Kg5 64. Rd5+ Kf4 65. Rd8 Ra3+ 66. Kh4 g5+ 67. Kxh5 Rh3+ 68. Kg6 g4 69. Rd1 g3 70. Rd4+ Kf3 71.
Kf5 g2 72. Rd3+ Kf2 73. Rxh3 g1=Q 74. Rh4 Qb1+ 75. Kg5 Qb5+ 76. Kg4 Qe2+ 77. Kg5 Qe5+ 78. Kh6 Qf6+ 79. Kh5 Kg3 80. Rg4+ Kh3 81. Rg5 Qf3+ 82.
Kg6 Kh4 0-1

[Event "*** SCC Grand Prix: Titled Tuesday Blitz"]
[Site "Chess.com"]
[Date "2020.08.25"]
[Round "6"]
[White "ftorodent"]
[Black "killer311"]
[Result "0-1"]
[WhiteElo "2665"]
[BlackElo "2497"]
[TimeControl "180+1"]
[EndTime "11:10:31 PDT"]
[Termination "killer311 won on time"]

1. d4 c6 2. c4 d5 3. cxd5 cxd5 4. Bf4 Nc6 5. e3 Nf6 6. Nc3 a6 7. Bd3 g6 8. h3 Bg7 9. Nf3 O-O 10. O-O Bf5 11. Rc1 e6 12. Be2 Ne4 13. Na4 g5 14. Bh2 h6 15. Qb3 Qe7 16. Rfd1 h5 17. Ne1 g4 18.
hxg4 hxg4 19. Nd3 g3 20. fxg3 Qg5 21. Nf4 Nxg3 22. Bf3 Ne4 23. Qxb7 Na5 24. Qb4 Nc4 25. Qe1 Rac8 26. b3 Ncd6 27. Nh5 Bg4 28. Bxg4 Qxg4 29. Nxg7 Kxg7 30. Nc5 Rh8 31. Nxe4 Nxe4 32. Qf1 Ng3 33. Bxg3 Qxg3 34. Qf4 Qxf4 35. exf4 Kg6 36. Kf2 Kf5 37.
Kf3 Rcg8 38. Rc7 f6 39. Rf7 Rh4 40. g3 Rh3 41. Rg1 Rg4 42. Kf2 Rh2+ 43. Rg2 Rxg2+ 44. Kxg2 Rg6 45. Kf3 Rh6 46. g4+ Kg6 47. Ra7 Rh3+ 48. Kg2 Rd3 49. Rxa6 Rxd4 50. Rxe6 Rd2+ 51. Kg3 Rxa2 52.
Re3 Rd2 53. Kf3 d4 54. Re4 Rd3+ 55. Ke2 Rxb3 56. Rxd4 Rb2+ 57. Kf3 Rb6 58. Rd5 Rb3+ 59. Ke4 Rb4+ 60. Rd4 Rb6 61. Rc4 Re6+ 62. Kf3 Re8 63.
Kg3 Rd8 64. Rc6 Rd3+ 65. Kh4 Kg7 66. g5 fxg5+ 67. Kxg5 Ra3 68. Rc7+ Kf8 69. Rc6 Kg7 70. Rc7+ Kf8 71. f5 Ra2 72. Kg6 Rg2+ 73. Kf6 Kg8 74.
Rc8+ Kh7 75. Kf7 Rf2 76. f6 Rf1 77. Re8 Rf2 78. Ke7 Kg6 79. Rg8+ Kh7 80. f7 Re2+ 81. Kd6 Rd2+ 82. Ke5 Re2+ 83. Kd4 Re1 0-1

[Event "*** SCC Grand Prix: Titled Tuesday Blitz"]
[Site "Chess.com"]
[Date "2020.08.25"]
[Round "6"]
[White "ChainsOfFantasia"]
[Black "icychess54"]
[Result "1-0"]
[WhiteElo "2481"]
[BlackElo "2235"]
[TimeControl "180+1"]
[EndTime "11:10:34 PDT"]
[Termination "ChainsOfFantasia won by resignation"]

1. d4 d5 2. Nf3 Nf6 3. c4 c6 4. Nc3 e6 5. e3 Nbd7 6. Qc2 Be7 7. Bd3 O-O 8. O-O b6 9. b3 Bb7 10. Bb2 Re8 11. Rfe1 c5 12. Rad1 Rc8 13. cxd5 Nxd5 14. Nxd5 Bxd5 15. Qe2 cxd4 16. Nxd4 Qc7 17. Ba6 Bb7 18.
Rc1 Qb8 19. h3 Bxa6 20. Qxa6 Nc5 21. Qe2 Bf6 22. Red1 Qe5 23. Rc2 Ne4 24. Rdc1 Rxc2 25. Rxc2 Qg5 26. Qf3 Qg6 27. Rc4 e5 28. Nb5 Nc5 29.
e4 Rd8 30. Ba3 Ne6 31. Rc1 Nd4 32.
Nxd4 exd4 33. Rd1 Be5 34. Bb2 Qd6 35. g3 h6 36. Qd3 Kh8 37. Kg2 g5 38. Qf3 Kg7 39.
Qg4 Rd7 40. h4 Bf6 41. hxg5 hxg5 42. Qf5 Qe6 43. Qf3 Rc7 44. Rd2 Rd7 45. Qe2 g4 46.
Qd3 Rd6 47. Re2 Qe5 48. Bc1 Bg5 49. Bxg5 Qxg5 50. e5 Rd7 51. Re4 Qf5 52. Qe2 Kf8 53.
e6 fxe6 54. Rxe6 Qf3+ 55. Qxf3+ gxf3+ 56. Kxf3 d3 57. Re1 Rc7 58. Rd1 Rc2 59. a4 d2 60.
Ke2 Rb2 61. Rxd2 Rxb3 62. Rd4 a6 63. g4 b5 64. axb5 axb5 65. Rd3 Rb2+ 66. Ke3 b4 67. f4 b3 68. Ke4 Rb1 69. Kf5 b2 70. Rb3 Ke7 71.
g5 Kd6 72. g6 Kc5 73. Kf6 Rf1 74. Rxb2 Rxf4+ 75. Kg7 Kd6 76. Re2 Kd7 77. Kg8 Rg4 78. g7 Kd6 79. Re1 Kd7 80. Re5 Kd6 81. Rh5 Ke6 82. Kh7 Kf7 83. Rf5+ Ke6 84. Rf2 Ke7 85. g8=Q Rh4+ 86. Kg7 Rg4+ 87. Kh8 Rh4+ 88. Qh7+ Rxh7+ 89. Kxh7 Ke6 90. Kh6 Ke5 91. Kh5 Ke4 92. Rg2 1-0

[Event "*** SCC Grand Prix: Titled Tuesday Blitz"]
[Site "Chess.com"]
[Date "2020.08.25"]
[Round "6"]
[White "gagtemp"]
[Black "MYMChessAcademy"]
[Result "1-0"]
[WhiteElo "1958"]
[BlackElo "2101"]
[TimeControl "180+1"]
[EndTime "11:10:42 PDT"]
[Termination "gagtemp won by checkmate"]

1. e4 c5 2. Nf3 d6 3. d4 cxd4 4. Nxd4 a6 5. Nc3 e6 6. Be3 b5 7.
Bd3 Bb7 8. O-O Nd7 9. Kh1 Ngf6 10. a3 Nc5 11. f3 Be7 12. Qe1 O-O 13. b4 Nxd3 14. cxd3 Rc8 15. Rc1 d5 16. e5 Nd7 17.
f4 h6 18. Qg3 Bh4 19. Qh3 g5 20. Qg4 Qe7 21. g3 f5 22. Qh5 gxf4 23. Qg6+ Kh8 24. Qxh6+ Qh7 25. Qxh7+ Kxh7 26. Bxf4 Be7 27. Kg1 Rc7 28.
Nxe6 Rc6 29. Nxf8+ Nxf8 30. Nxd5 Re6 31. Nxe7 Rxe7 32.
d4 Ne6 33. Rfd1 Rd7 34. Be3 Bf3 35. Rd2 Be4 36. Kf2 Nc7 37. Rc3 Nd5 38. Rb3 Rc7 39. Bf4 Rc6 40. h4 Kg6 41. Rbb2 Nc3 42. Rb3 Bd5 43. Rbb2 Ne4+ 44. Ke2 Nxd2 45. Kxd2 Be4 46.
Ke3 Rc3+ 47. Kf2 Rf3+ 48. Ke2 Rxa3 49. Rd2 Kf7 50. d5 Rb3 51. e6+ Ke7 52. Bg5+ Kd6 53. e7 Kd7 54. d6 Rxb4 55. h5 Rb3 56. Bf4 Bf3+ 57. Kf2 Bxh5 58. Rc2 Rf3+ 59. Kg2 Be8 60. Rc7+ Ke6 61. Ra7 Rb3 62. Rxa6 Rb2+ 63. Kf3 Rb3+ 64. Kf2 Rb2+ 65. Ke3 Rb3+ 66. Kd2 Rb2+ 67. Kc1 Rg2 68. Ra8 Rg1+ 69. Kb2 Rg2+ 70. Kc3 Bd7 71. e8=Q+ Bxe8 72. Rxe8+ Kd7 73. Re7+ Kc6 74. Kb4 Rb2+ 75. Kc3 Rf2 76.
Rc7+ Kd5 77. Kb4 Rb2+ 78. Kc3 Rg2 79. d7 Ke6 80. d8=Q Rc2+ 81. Kxc2 b4 82. Qe7+ Kd5 83. Kb1 Kd4 84. Qd6+ Ke4 85. Re7+ Kf3 86. Qd3+ Kg4 87. Rg7+ Kh3 88. Qf1+ Kh2 89. Rh7# 1-0